 Dungeon Crawl Stone Soup version 0.31-a0-145-g046c7d2549 (webtiles) character file.

Game seed: 15177302784258750485

2596560 KimchiStew the Impregnable (level 27, 205/205 HPs)
             Began as a Demonspawn Gladiator on June 5, 2023.
             Was the Champion of Okawaru.
             Escaped with the Orb
             ... and 5 runes!
             The game lasted 02:52:37 (94143 turns).

KimchiStew the Impregnable (Demonspawn Gladiator)  Turns: 94143, Time: 02:52:38

Health: 205/205    AC: 46    Str: 15    XL:     27
Magic:  30/30      EV: 17    Int: 13    God:    Okawaru [******]
Gold:   4479       SH: 24    Dex: 42    Spells: 24/26 levels left

rFire   + . .        d - +8 demon blade "Leech" {evervamp, Harm Drain rN+}
rCold   + + +        U - +1 kite shield of the Jocular God {Int+3}
rNeg    + . .        K - +12 gold dragon scales
rPois   +            E - +2 helmet
rElec   +            t - +4 dragonskin cloak
rCorr   +            c - +0 pair of gloves "Ammyr" {rPois Will+ Str+3}
SInv    +            (boots unavailable)
Will    +++..        b - amulet of the Omega Point {RegenMP Contam rC+++ Regen+ Dex+3} Stlth
                     p - ring of see invisible
HPRegen 1.34/turn    m - ring "Kuocuaz" {rCorr Dex+6}
MPRegen 0.84/turn

%: harm (+30% outgoing, +20% incoming), guardian spirit
@: studying 2 skills
A: hooves 3, thin metallic scales 3, foul stench 3, augmentation 3, magic
shield, magic regeneration, magic link, large bone plates 1, thin skeletal
structure 1, agile 2, cold resistance 1, deformed body, deterioration 1, dopey
1, frail 1, low MP 1, screaming 2, shaggy fur 1, weak 1, no potion heal 1,
subdued magic 2, inability to drink after injury 2, inability to read after
injury 1
0: Orb of Zot
}: 5/15 runes: serpentine, barnacled, slimy, silver, abyssal
a: Renounce Religion, Heroism, Finesse, Duel


You escaped.
You worshipped Okawaru.
Okawaru was exalted by your worship.
You visited 10 branches of the dungeon, and saw 52 of its levels.
You visited the Abyss 1 time.
You also visited: Sewer, Ice Cave, Volcano and Wizlab.

You collected 6900 gold pieces.
You spent 2421 gold pieces at shops.

Inventory:

Hand Weapons
 d - the +8 demon blade "Leech" (weapon) {evervamp, Harm Drain rN+}
   (Okawaru gifted it to you on level 2 of the Depths)

   rN:        It protects you from negative energy.
   Drain:     It drains your maximum health when unequipped.
   Harm:      It increases damage dealt and taken.
Missiles
 h - 2 throwing nets
 k - 20 silver javelins (quivered)
 u - 19 boomerangs
 y - 15 curare-tipped darts
 J - 5 silver boomerangs
 Q - 13 javelins
Armour
 c - the +0 pair of gloves "Ammyr" (worn) {rPois Will+ Str+3}
   (You bought it in a shop on level 2 of the Orcish Mines)

   Str:       It affects your strength (+3).
   rPois:     It protects you from poison.
   Will:      It increases your willpower.
 t - the +4 dragonskin cloak (worn)
   (You took it off Tiamat on level 3 of the Realm of Zot)

   Avatar's Aegis: It grants the wearer a chance to resist fire, cold, poison,
   electricity, acid, and negative energy.
 E - a +2 helmet (worn)
 K - +12 gold dragon scales (worn)
 U - the +1 kite shield of the Jocular God (worn) {Int+3}
   (Okawaru gifted it to you on level 13 of the Dungeon)

   Int:       It affects your intelligence (+3).
Jewellery
 a - the ring "Rekkarig" {Fly rC+}
   (You took it off a deep elf high priest on level 3 of the Elven Halls)

   [ring of flight]

   rC:        It protects you from cold.
   Fly:       It grants you flight.
 b - the amulet of the Omega Point (around neck) {RegenMP Contam rC+++ Regen+ Dex+3}
   (You found it in a wizard's laboratory)

   [amulet of magic regeneration]

   It increases your rate of magic regeneration.
   Dex:       It affects your dexterity (+3).
   rC:        It renders you almost immune to cold.
   Contam:    It causes magical contamination when unequipped.
   Regen:     It increases your rate of health regeneration.
 f - the ring of Kizyodir {rElec rC+ rN+ Str+6 Stlth+}
   (You found it on level 5 of the Pits of Slime)

   [ring of strength]

   Str:       It affects your strength (+6).
   rC:        It protects you from cold.
   rElec:     It insulates you from electricity.
   rN:        It protects you from negative energy.
   Stlth:     It makes you more stealthy.
 m - the ring "Kuocuaz" (right hand) {rCorr Dex+6}
   (You acquired it on level 1 of the Lair of Beasts)

   [ring of dexterity]

   Dex:       It affects your dexterity (+6).
   rCorr:     It protects you from acid and corrosion.
 p - a ring of see invisible (left hand)
 D - a ring of protection from fire
 P - the amulet "Plog" {RegenMP rF+ Will+}
   (You bought it in a shop on level 1 of the Snake Pit)

   [amulet of magic regeneration]

   It increases your rate of magic regeneration.
   rF:        It protects you from fire.
   Will:      It increases your willpower.
Wands
 i - a wand of mindburst (30)
 l - a wand of polymorph (13)
 B - a wand of iceblast (91)
 M - a wand of flame (91)
 N - a wand of digging (28)
 T - a wand of acid (30)
Scrolls
 e - a scroll of fear
 n - a scroll of silence
 q - 6 scrolls of poison
 r - 2 scrolls of torment
 s - 4 scrolls of immolation
 v - 4 scrolls of teleportation
 w - 12 scrolls of amnesia
 C - 13 scrolls of vulnerability
 H - a scroll of magic mapping
 O - 10 scrolls of fog
 R - a scroll of blinking
Potions
 j - 5 potions of ambrosia
 o - 3 potions of curing
 x - 7 potions of magic
 z - 8 potions of lignification
 A - a potion of haste
 F - 4 potions of invisibility
 G - a potion of might
 I - 6 potions of attraction
 L - 3 potions of heal wounds
 V - 3 potions of brilliance
 W - 2 potions of enlightenment
 X - 2 potions of cancellation
 Y - 2 potions of resistance
Miscellaneous
 g - a condenser vane
 S - a phial of floods
 Z - a lightning rod (4/4)


   Skills:
 - Level 21.0 Fighting
 - Level 4.5(12.6) Short Blades
 - Level 18.0(18.2) Long Blades
 - Level 16.0 Throwing
 * Level 21.5 Armour
 - Level 21.0 Dodging
 - Level 7.0 Stealth
 - Level 15.0 Shields
 - Level 15.0 Invocations
 - Level 12.0 Evocations


You had 24 spell levels left.
You knew the following spells:

 Your Spells              Type           Power      Damage    Failure   Level
a - Passwall              Tmut/Erth      0%         N/A       100%        2

Your spell library contained the following spells:

 Spells                   Type           Power      Damage    Failure   Level
 Apportation              Tloc           0%         N/A       100%        1
 Beastly Appendage        Tmut           0%         N/A       100%        1
 Foxfire                  Conj/Fire      0%         2x1d4     100%        1
 Freeze                   Ice            0%         1d3       100%        1
 Magic Dart               Conj           0%         1d3       100%        1
 Necrotise                Necr           0%         1d4       100%        1
 Sandblast                Erth           0%         2d4       100%        1
 Sting                    Tmut/Pois      0%         1d3       100%        1
 Blink                    Tloc           0%         N/A       100%        2
 Cigotuvi's Dreadful Rot  Necr/Pois/Air  0%         N/A       100%        2
 Ensorcelled Hibernation  Hex/Ice        0%         N/A       100%        2
 Lesser Beckoning         Tloc           0%         N/A       100%        2
 Momentum Strike          Conj/Tloc      0%         3d8       100%        2
 Poisonous Vapours        Pois/Air       0%         N/A       100%        2
 Wereblood                Tmut           0%         N/A       100%        2
 Dazzling Flash           Conj/Hex       0%         N/A       100%        3
 Frozen Ramparts          Ice            0%         1d1       100%        3
 Gell's Gravitas          Tloc           0%         N/A       100%        3
 Hailstorm                Conj/Ice       0%         3d3       100%        3
 Ignite Poison            Fire/Tmut/Pois 0%         N/A       100%        3
 Inner Flame              Hex/Fire       0%         N/A       100%        3
 Mephitic Cloud           Conj/Pois/Air  0%         N/A       100%        3
 Portal Projectile        Hex/Tloc       0%         N/A       100%        3
 Spider Form              Tmut/Pois      0%         N/A       100%        3
 Stone Arrow              Conj/Erth      0%         3d7       100%        3
 Teleport Other           Tloc           0%         N/A       100%        3
 Vampiric Draining        Necr           0%         2d6       100%        3
 Vhi's Electric Charge    Tloc/Air       0%         N/A       100%        3
 Anguish                  Hex/Necr       0%         N/A       100%        4
 Cause Fear               Hex            0%         N/A       100%        4
 Leda's Liquefaction      Hex/Erth       0%         N/A       100%        4
 Manifold Assault         Tloc           0%         N/A       100%        4
 Olgreb's Toxic Radiance  Pois           0%         N/A       100%        4
 Agony                    Necr           0%         N/A       100%        5
 Alistair's Intoxication  Tmut/Pois      0%         N/A       100%        5
 Arcjolt                  Conj/Air       0%         1d10      100%        5
 Blade Hands              Tmut           0%         N/A       100%        5
 Borgnjor's Vile Clutch   Necr/Erth      0%         N/A       100%        5
 Fireball                 Conj/Fire      0%         3d3       100%        5
 Freezing Cloud           Conj/Ice/Air   0%         6-21      100%        5
 Irradiate                Conj/Tmut      0%         3d11      100%        5
 Iskenderun's Battlesphe  Conj           0%         2d6       100%        5
 Lee's Rapid Deconstruct  Erth           0%         3d4*      100%        5
 Silence                  Hex/Air        0%         N/A       100%        5
 Yara's Violent Unravell  Hex/Tmut       0%         3d3       100%        5
 Dispersal                Tloc           0%         N/A       100%        6
 Eringya's Noxious Bog    Tmut/Pois      0%         N/A       100%        6
 Leda's Unmaking          Conj/Erth      0%         9d1       100%        6
 Plasma Beam              Fire/Air       0%         2x1d10    100%        6
 Starburst                Conj/Fire      0%         6d3       100%        6
 Statue Form              Tmut/Erth      0%         N/A       100%        6
 Dragon Form              Tmut           0%         N/A       100%        7
 Enfeeble                 Hex            0%         N/A       100%        7
 Orb of Destruction       Conj           0%         9d5       100%        7
 Ozocubu's Refrigeration  Ice            0%         4d7       100%        7
 Storm Form               Tmut/Air       0%         N/A       100%        7
 Borgnjor's Revivificati  Necr           0%         N/A       100%        8
 Lehudib's Crystal Spear  Conj/Erth      0%         10d2      100%        8
 Polar Vortex             Ice            0%         N/A       100%        9
 Summon Small Mammal      Summ           Unusable   N/A       N/A         1
 Call Imp                 Summ           Unusable   N/A       N/A         2
 Call Canine Familiar     Summ           Unusable   N/A       N/A         3
 Summon Guardian Golem    Hex/Summ       Unusable   N/A       N/A         3
 Animate Dead             Necr           Unusable   N/A       N/A         4
 Summon Forest            Summ/Tloc      Unusable   N/A       N/A         5
 Summon Mana Viper        Hex/Summ       Unusable   N/A       N/A         5
 Death Channel            Necr           Unusable   N/A       N/A         6
 Simulacrum               Ice/Necr       Unusable   N/A       N/A         6
 Spellforged Servitor     Conj/Summ      Unusable   N/A       N/A         7
 Summon Hydra             Summ           Unusable   N/A       N/A         7
 Dragon's Call            Summ           Unusable   N/A       N/A         9

Dungeon Overview and Level Annotations

Branches:
Dungeon (15/15)            Temple (0/1) D:7            Lair (5/5) D:8
 Shoals (4/4) Lair:2        Snake (4/4) Lair:2        Slime (5/5) Lair:4
    Orc (2/2) D:9             Elf (3/3) Orc:2        Vaults (5/5) D:13
  Crypt (0/3) Vaults:3     Depths (4/4) D:15            Zot (5/5) Depths:4
  Sewer (visited)           IceCv (visited)         Volcano (visited)
 WizLab (visited)

Altars:
Dithmenos
Fedhas
Gozag
Hepliaklqana
Kikubaaqudgha
Makhleb
Nemelex Xobeh
Okawaru
Qazlal
Sif Muna
Uskayaw
Vehumet
Yredelemnul

Shops:
D:5 (   D:6 [   D:8 ?   D:13 ?   D:15 :   Orc:2 ([([[   Shoals:1 *   Shoals:2 :
Snake:1 =   Vaults:3 [   Vaults:4 (   Depths:1 *

Portals:
Hell: Depths:1 Depths:2 Depths:3 Depths:4
Abyss: Depths:2 Depths:3
Pandemonium: Depths:1 Depths:2
Ziggurat: Depths:4

Annotations:
Snake:4 1 exclusion
Elf:2 3 runed translucent doors
Depths:4 4 exclusions


Innate Abilities, Weirdness & Mutations

You have hooves in place of feet.
You are completely covered in thin metallic scales. (AC +4, rElec)
You frequently emit foul miasma when damaged in melee.
Your magical and physical power is greatly enhanced at high health.
When hurt, damage is shared between your health and your magic reserves.
You regenerate magic rapidly.
When low on magic, you restore magic in place of health.
You are partially covered in large bone plates. (SH +4)
You have a somewhat thin skeletal structure. (Dex +2, Stealth+)
You are very agile. (Dex +8, Str/Int -2)
Your flesh is cold resistant. (rC+)
Armour fits poorly on your strangely shaped body.
Your body sometimes deteriorates upon taking damage.
You are dopey. (Int -2)
You are frail. (-10% HP)
Your magical capacity is low. (-10% MP)
You frequently scream uncontrollably at your foes.
You are covered in fur. (AC +1)
You are weak. (Str -2)
Potions are less effective at restoring your health.
Your spells are easier to cast, but less powerful.
You sometimes lose the ability to drink potions when taking damage.
You occasionally lose the ability to read scrolls when taking damage.


Message History

You block the large abomination's attack.
You hit the large abomination but do no damage.
You kick the large abomination.
You destroy the large abomination!
Okawaru accepts your kill.
You slice the large abomination!!
You kick the large abomination, but do no damage.
The large abomination is severely damaged.
You block the large abomination's attack.
You slice the large abomination!!
You destroy the large abomination!
Okawaru accepts your kill.
No target in view!
No target in view!
Unknown command.
(D) Dungeon (T) Temple (L) Lair (A) Shoals (P) Snake Pit (M) Slime Pits (O) Orcish Mines (E) Elven Halls (V) Vaults (C) Crypt (U) Depths (H) Hell (Z) Zot
Where to? (Enter - D:1, ? - help)
There is an open door here.
HP restored.
There is an open door here.
There is an open door here.
A Cettej, 2 liches and a tormentor come into view.
You scream at Cettej!
The lich moves out of view. x2; The tormentor moves out of view.
There is a stone staircase leading up here.
You climb upwards.
There is a stone staircase leading down here.
Unknown command.
There is a huge open gate here.
The goblin shouts!
There is an open gate here.
The orc shouts!
There is a staircase leading out of the dungeon here.
You can't go down here!
Unknown command.
Unknown command.
You have escaped!

#...#######'''#######........
#...#o#...........#g#........
#####...###§.8.###.8..###........
#.......#§§..........§§§#........
#.####..#§§§..........§§#........
#.####..#≈≈...........§§#........
#....†..#≈≈≈≈§§.....≈§§≈#........
#.......#≈§≈§§§≈.≈≈§≈§§≈#........
........#≈§≈§≈§≈@§§§≈≈≈≈#........
........#################......>.
...(.............................
.............................((..
.........###.###.####.###........
.........# #.# #.# #.# #........
.........# #.# #.# #.# ##....)..
.........# #.# #.####.# ##.(....
.........# #.# #...##.# #.#....


You could see an orc and a goblin.

Vanquished Creatures
  the Royal Jelly (Slime:5)
  Tiamat (Zot:3)
  3 dread liches
  8 orbs of fire
  7 ancient liches
  Mara (Arena)
  14 Killer Klowns
  2 curse toes
  Saint Roka (Depths:1)
  A pandemonium lord (D:2)
  A caustic shrike (shapeshifter) (Depths:2)
  Xtahua (Depths:3)
  A golden dragon (shapeshifter) (Vaults:5)
  13 golden dragons
  Nikola (Shoals:2)
  4 bone dragons
  Jory (Vaults:3)
  2 doom hounds
  18 tentacled monstrosities
  A Tzitzimitl (D:15)
  2 electric golems (Zot:5)
  A walking earthen tome (Depths:2)
  25 Orb Guardians (Zot:5)
  7 liches
  A moon troll (WizLab)
  Grunn (Zot:2)
  A walking frostbound tome (Depths:2)
  7 quicksilver dragons
  2 deep elf blademasters (Elf:3)
  A deep elf master archer (Elf:3)
  5 titans
  An Executioner (Depths:3)
  20 acid blobs
  Polyphemus (Shoals:2)
  The ghost of nago the Stormcaller, an adept DrAE of Vehumet (Snake:4)
  3 krakens
  5 death cobs
  4 sphinxes
  8 shadow dragons
  8 tengu reavers
  7 storm dragons
  8 tentacled starspawn
  5 draconian monks
  8 azure jellies
  Roxanne (D:15)
  A revenant (Depths:3)
  2 nagarajas
  10 rockslimes
  Donald (Shoals:3)
  4 draconian knights
  Ilsuiw (Shoals:3)
  A fenstrider witch (Shoals:2)
  5 frost giants
  4 iron dragons (Vaults:5)
  17 vault wardens
  13 fire giants
  2 ghost moths
  6 draconian scorchers
  A spectral juggernaut (Depths:3)
  13 deep elf sorcerers
  Louise (Snake:2)
  A balrug (Depths:2)
  3 orc warlords
  Aizul (Snake:1)
  2 draconian shifters (Zot:3)
  3 draconian stormcallers
  2 cacodemons
  A quicksilver ooze (shapeshifter) (Vaults:5)
  4 draconian annihilators
  5 ironbound thunderhulks
  3 quicksilver oozes
  41 very ugly things
  4 deep elf elementalists (Elf:3)
  22 ironbound preservers
  30 stone giants
  5 vampire knights
  2 spriggan defenders
  2 war gargoyles
  4 reapers
  3 formless jellyfish
  4 grey draconians (Zot:3)
  9 green draconians
  2 putrid mouths (Zot:1)
  15 black draconians
  9 dire elephants
  9 deep elf demonologists
  2 spectral titans (Depths:3)
  A lorocyproca (Depths:1)
  12 purple draconians
  10 white draconians
  14 yellow draconians
  5 deep elf annihilators (Elf:3)
  7 red draconians
  2 spark wasps (Depths:4)
  A blizzard demon (Abyss:3)
  5 ettins
  An eidolon (Depths:3)
  5 deep elf death magi
  4 merfolk javelineers
  13 great orbs of eyes
  3 jiangshi (Depths:3)
  A crystal guardian (WizLab)
  A green death (D:8)
  Josephine (Lair:5)
  An entropy weaver (Vaults:3)
  2 spectral golden dragons (Depths:3)
  5 fire dragons
  Harold (Lair:2)
  9 deep elf high priests
  21 yaktaur captains
  7 merfolk impalers
  3 ice dragons
  2 juggernaut simulacra (Depths:3)
  3 rakshasas
  7 hydras
  25 vault guards
  3 peacekeepers
  7 salamander tyrants (Snake:4)
  6 ironbound frosthearts
  A spriggan zombie (Depths:1)
  A catoblepas (Shoals:2)
  A caustic shrike simulacrum (Depths:3)
  4 hell beasts
  A spriggan air mage (Depths:1)
  A spriggan skeleton (Depths:3)
  2 merfolk avatars
  2 alligator snapping turtles
  11 anacondas
  4 boulder beetles
  4 merfolk aquamancers
  2 two-headed ogres (D:10)
  2 anacondas (shapeshifter)
  20 centaur warriors
  10 deep troll shamans
  20 dancing weapons
  8 naga warriors
  20 death yaks
  A satyr (shapeshifter) (Vaults:5)
  6 satyrs
  5 tengu warriors
  A two-headed ogre (shapeshifter) (Vaults:5)
  3 vampire magi
  8 deep troll earth magi
  The ghost of Thantalas the Destroyer, a journeyman GrEE of Vehumet (D:11)
  Urug (D:12)
  A demonic crawler (Abyss:3)
  9 thrashing horrors
  A spriggan berserker (Depths:3)
  10 shock serpents
  12 naga sharpshooters
  3 sun demons
  2 soul eaters
  Nergalle (Lair:1)
  2 orc high priests (Orc:2)
  Sonja (D:10)
  12 hell knights
  4 skysharks
  11 deep elf knights
  6 iron trolls
  5 skeletal warriors (D:14)
  7 wretched stars
  8 salamander mystics
  The ghost of caveywoolpert the Digger, a novice DsEE of Vehumet (D:8)
  3 sixfirhies
  5 shadow wraiths (Depths:3)
  A quicksilver dragon simulacrum (Depths:3)
  12 sea snakes
  2 spatial maelstroms (Abyss:3)
  4 flayed ghosts
  A death drake (shapeshifter) (Vaults:5)
  A death drake (Abyss:2)
  15 deep elf archers
  A swamp dragon (shapeshifter) (Depths:4)
  57 deep trolls
  2 orange crystal statues
  11 glowing orange brains
  2 tengu zombies
  6 naga ritualists
  12 wizards
  11 necromancers
  14 harpies
  23 deep elf zephyrmancers
  6 lindwurms
  26 deep elf pyromancers
  20 ironbound convokers
  11 mana vipers
  7 phantasmal warriors
  A golden dragon skeleton (Depths:1)
  A sphinx zombie (Depths:3)
  8 orc knights
  9 cyclopes
  14 fauns
  A cyclops (shapeshifter) (Vaults:5)
  7 orc sorcerers
  13 manticores
  7 salamanders
  7 shining eyes
  54 ugly things
  2 will-o-the-wisps (Abyss:1)
  11 elephants
  A fire giant zombie (Depths:1)
  A salamander (shapeshifter) (D:14)
  2 worldbinders (Abyss:3)
  18 moths of wrath
  41 black mambas
  A rust devil (Depths:1)
  7 eyes of devastation
  14 merfolk sirens
  2 apocalypse crabs
  An elephant (shapeshifter) (Depths:2)
  13 vault sentinels
  3 fire giant skeletons
  4 toenail golems (Volcano)
  24 naga magi
  6 guardian serpents
  8 water nymphs
  8 orange demons
  8 cane toads
  9 smoke demons
  3 rime drakes
  32 yaktaurs
  A hellion (Abyss:3)
  3 ice devils
  A kobold demonologist (D:12)
  4 unseen horrors
  5 efreet
  4 komodo dragons
  11 ancient zymes
  4 tengu conjurers
  A spectral glowing shapeshifter (Depths:3)
  A red devil (Depths:3)
  A golden dragon simulacrum (Depths:3)
  24 merfolk
  12 freezing wraiths
  7 trolls
  5 polar bears
  A queen bee (D:12)
  5 wind drakes
  3 hellwings
  20 large abominations
  6 meliai
  A tengu simulacrum (Depths:3)
  6 hornets
  A polar bear (shapeshifter) (Elf:3)
  5 blink frogs
  A sphinx simulacrum (Depths:3)
  6 raiju
  A raiju (shapeshifter) (D:15)
  7 snapping turtles
  A dream sheep (shapeshifter) (Depths:1)
  13 dream sheep
  The ghost of mopl the Magician, an amateur OpHW (D:5)
  6 shadows
  A slime creature (shapeshifter) (Vaults:2)
  6 air elementals
  23 water elementals
  12 flying skulls
  62 slime creatures
  30 yaks
  4 wyverns
  8 wraiths
  5 ynoxinuls
  9 spriggans
  2 basilisks
  A human (shapeshifter) (Vaults:5)
  6 neqoxecs
  2 fire elementals
  8 golden eyes
  A redback (shapeshifter) (Depths:2)
  23 small abominations
  5 vampire mosquitoes
  4 chaos spawn
  A human simulacrum (Vaults:3)
  A steam dragon (Lair:5)
  24 nagas
  3 acid dragons
  4 spatial vortices (Abyss:3)
  2 glowing shapeshifter zombies
  3 wargs
  8 hell hounds
  15 water moccasins
  29 orc warriors
  A floating eye (Depths:1)
  An ice beast (D:7)
  4 black bears
  2 sky beasts
  5 ogres
  15 centaurs
  16 wolves
  A phantom (D:6)
  7 bullfrogs
  8 kobold brigands
  A gnoll sergeant (D:8)
  4 scorpions (D:12)
  6 wights
  36 killer bees
  3 electric eels
  4 quasits
  A gnoll bouda (D:5)
  4 hounds
  13 orc priests
  6 jellies
  80 starcursed masses
  4 iguanas
  2 iron imps (Abyss:3)
  2 sleepcaps (D:6)
  23 orc wizards
  6 ogre zombies (D:9)
  14 gnolls
  5 river rats (Sewer)
  11 adders
  2 shadow imps
  6 white imps
  7 ufetubi
  4 worms
  3 dart slugs
  93 orcs
  11 ball pythons
  A bat (D:3)
  8 endoplasms
  3 giant cockroaches
  6 hobgoblins
  9 jackals
  2 quokkas
  3 frilled lizards
  11 goblins
  2 goblin skeletons (D:9)
  4 goblin zombies (D:9)
  3 hobgoblin skeletons (D:9)
  2 hobgoblin zombies (D:9)
  44 kobolds
  2 orc skeletons (D:9)
  6 orc zombies (D:9)
  22 rats
  A lurking horror (Abyss:3)
  5 starspawn tentacles
  11 tentacles
2529 creatures vanquished.

Vanquished Creatures (others)
  A fire giant (Vaults:5)
  A draconian knight (Zot:1)
  An ogre mage (Vaults:5)
  A deep elf knight (Elf:2)
  A glowing orange brain (Vaults:3)
  2 wizards
  A deep elf archer (Elf:1)
  4 deep elf zephyrmancers (Elf:1)
  2 deep elf pyromancers (Elf:2)
  An orc (D:12)
  3 ball lightnings (Snake:4)
  4 foxfires (Abyss:1)
  A lurking horror (Abyss:1)
  13 starspawn tentacles
  37 tentacles
73 creatures vanquished.

Grand Total: 2602 creatures vanquished

Notes
Turn   | Place    | Note
-------+----------+-------------------------------------------
     0 | D:1      | KimchiStew the Demonspawn Gladiator began the quest for the
                  | Orb.
     0 | D:1      | Reached XP level 1. HP: 16/16 MP: 1/1
    94 | D:1      | Got Beyvov's Folio of the Entranced Black Widow
   123 | D:1      | You fall into a shaft and drop 1 floor!
   127 | D:2      | Identified the +4 short sword "Murmur" {drain, rPois Int+3}
   233 | D:2      | Gained mutation: You are partially covered in thin metallic
                  | scales. (AC +2) [demonic ancestry]
   233 | D:2      | Reached XP level 2. HP: 22/22 MP: 2/2
   270 | D:2      | Reached skill level 1 in Stealth
   500 | D:2      | Reached XP level 3. HP: 25/28 MP: 3/3
   521 | D:2      | Reached skill level 1 in Armour
   607 | D:2      | Gained mutation: You are mostly covered in thin metallic
                  | scales. (AC +3) [demonic ancestry]
   607 | D:2      | Reached XP level 4. HP: 34/34 MP: 4/4
  1680 | D:3      | Found a glowing drain.
  1700 | D:3      | Reached XP level 5. HP: 40/40 MP: 5/5
  1713 | Sewer    | Entered a sewer
  1717 | Sewer    | Learned a level 2 spell: Passwall
  2015 | Sewer    | Gained mutation: You regenerate magic rapidly. [demonic
                  | ancestry]
  2015 | Sewer    | Reached XP level 6. HP: 25/47 MP: 6/6
  2375 | D:3      | Found a faded altar of an unknown god.
  2861 | D:4      | Found a shimmering blue altar of Sif Muna.
  2861 | D:4      | Found an iron altar of Okawaru.
  2861 | D:4      | Found a burning altar of Makhleb.
  2871 | D:4      | Became a worshipper of Warmaster Okawaru
  3574 | D:4      | Reached XP level 7. HP: 53/53 MP: 7/7
  3838 | D:5      | Entered Level 5 of the Dungeon
  4045 | D:5      | Identified the +1 robe "Ytey" {rElec}
  4561 | D:5      | Found a runed translucent gate.
  4561 | D:5      | Found a runed translucent gate.
  4561 | D:5      | Found a runed translucent gate.
  4564 | D:5      | Identified the +1 dagger of Qazlal, Nurturing {speed, rElec
                  | Will- Dex+3}
  4564 | D:5      | Identified the +2 leather armour of Nedamum {rF- rN+ SInv}
  4567 | D:5      | Noticed mopl's ghost (amateur OpHW)
  4567 | D:5      | Identified the +1 chain mail of the Prince of Darkness
                  | {-Tele rElec Dex+3}
  4717 | D:5      | Found Riehil's Antique Weapon Boutique.
  4911 | D:6      | Found a shadowy altar of Dithmenos.
  5051 | D:6      | Found Jobaf's Antique Armour Boutique.
  5129 | D:6      | Reached * piety under Okawaru
  5254 | D:6      | Reached XP level 8. HP: 58/61 MP: 8/8
  5338 | D:6      | Reached skill level 5 in Dodging
  5363 | D:6      | Reached skill level 5 in Fighting
  5363 | D:6      | Reached skill level 5 in Long Blades
  5689 | D:6      | Found a stormy altar of Qazlal.
  6087 | D:6      | Reached ** piety under Okawaru
  6547 | D:7      | Reached skill level 5 in Armour
  6705 | D:7      | Found a sparkling altar of Nemelex Xobeh.
  6783 | D:6      | Gained mutation: You have large cloven feet. [demonic
                  | ancestry]
  6783 | D:6      | Reached XP level 9. HP: 36/63 MP: 4/9
  7177 | D:7      | Found an opulent altar of Gozag.
  7198 | D:7      | Reached *** piety under Okawaru
  7529 | D:7      | Found a staircase to the Ecumenical Temple.
  7807 | D:8      | Found Qeipypec's Magic Scroll Shop.
  7885 | D:8      | Bought a scroll of identify for 22 gold pieces
  7885 | D:8      | Bought a scroll of noise for 11 gold pieces
  7892 | D:8      | Identified a scroll of acquirement
  7902 | D:8      | Found a staircase to the Lair.
  7909 | D:8      | Noticed a death yak
  7911 | D:8      | Noticed a death yak
  7911 | D:8      | Noticed a death yak
  7911 | D:8      | Noticed a death yak
  7915 | D:8      | Noticed a death yak
  8087 | D:8      | Found a runed translucent gate.
  8087 | D:8      | Found a runed translucent gate.
  8087 | D:8      | Found a runed translucent gate.
  8134 | D:8      | Noticed caveywoolpert's ghost (novice DsEE)
  8171 | D:8      | Found a hazy altar of Hepliaklqana.
  8278 | D:8      | Reached **** piety under Okawaru
  8784 | D:9      | Found a radiant altar of Vehumet.
  8964 | D:9      | Found a staircase to the Orcish Mines.
  8986 | D:9      | Reached XP level 10. HP: 26/79 MP: 3/10
 10222 | D:10     | Entered Level 10 of the Dungeon
 10222 | D:10     | Noticed Sonja
 10222 | D:10     | Noticed a two-headed ogre
 10290 | D:10     | Noticed a two-headed ogre
 10299 | D:10     | Killed a two-headed ogre
 10299 | D:10     | Received a gift from Okawaru
 10567 | D:10     | Killed a two-headed ogre
 10567 | D:10     | Reached ***** piety under Okawaru
 10579 | D:10     | Killed Sonja
 10718 | D:10     | Found a blossoming altar of Fedhas.
 11637 | D:11     | Noticed a cyclops
 11658 | D:11     | Killed a cyclops
 11659 | D:11     | Gained mutation: When hurt, damage is shared between your
                  | health and your magic reserves. [demonic ancestry]
 11659 | D:11     | Reached XP level 11. HP: 57/87 MP: 9/11
 12177 | D:11     | Noticed a purple ugly thing
 12195 | D:11     | Killed a purple ugly thing
 12316 | D:11     | Received a gift from Okawaru
 12618 | D:11     | Noticed a deep elf pyromancer
 12618 | D:11     | Noticed a deep elf zephyrmancer
 12745 | Lair:1   | Entered Level 1 of the Lair of Beasts
 12786 | Lair:1   | Reached ****** piety under Okawaru
 12831 | Lair:1   | Noticed Nergalle
 12848 | Lair:1   | Noticed a spectral orc warlord
 12864 | Lair:1   | Killed Nergalle
 12892 | Lair:1   | Reached skill level 10 in Long Blades
 13349 | Lair:1   | Reached skill level 1 in Short Blades
 13707 | Lair:1   | Identified the +1 robe of the Untouchables {rPois Int+2
                  | Dex+3} (Okawaru gifted it to you on level 1 of the Lair of
                  | Beasts)
 13707 | Lair:1   | Received a gift from Okawaru
 14542 | Lair:2   | Found a staircase to the Shoals.
 14705 | Lair:2   | Gained mutation: You are completely covered in thin
                  | metallic scales. (AC +4, rElec) [demonic ancestry]
 14705 | Lair:2   | Reached XP level 12. HP: 96/96 MP: 12/12
 15101 | Lair:2   | Noticed Harold
 15143 | Lair:2   | Killed Harold
 15226 | Lair:2   | Acquired the ring "Kuocuaz" {rCorr Dex+6}
 15651 | Lair:2   | Found a staircase to the Snake Pit.
 16323 | Lair:3   | Noticed a boulder beetle
 16363 | Lair:3   | Killed a boulder beetle
 16364 | Lair:3   | Reached skill level 10 in Fighting
 16561 | Lair:3   | Identified the +0 plate armour "Yntut" {rElec}
 16913 | Lair:4   | Identified the +1 robe of Wem Xatoiry {-Cast Fly Str+5}
                  | (Okawaru gifted it to you on level 4 of the Lair of Beasts)
 16913 | Lair:4   | Received a gift from Okawaru
 17119 | Lair:4   | Reached skill level 1 in Invocations
 17261 | Lair:4   | Noticed an eight-headed hydra
 17277 | Lair:4   | Killed an eight-headed hydra
 17278 | Lair:4   | Reached skill level 1 in Evocations
 17550 | Lair:4   | Found a staircase to the Slime Pits.
 17613 | Lair:4   | Noticed a death yak
 17644 | Lair:4   | Killed a death yak
 18233 | Lair:4   | Noticed a death yak
 18234 | Lair:4   | Noticed a death yak
 18307 | Lair:3   | Killed a death yak
 18432 | Lair:4   | Noticed a death yak
 18434 | Lair:4   | Noticed a death yak
 18460 | Lair:3   | Killed a death yak
 18461 | Lair:3   | Reached XP level 13. HP: 55/104 MP: 12/15
 19329 | Lair:5   | Entered Level 5 of the Lair of Beasts
 19352 | Lair:4   | Identified the +7 long sword "Gidykloh" {flame, Fragile
                  | Dex+5} (Okawaru gifted it to you on level 4 of the Lair of
                  | Beasts)
 19352 | Lair:4   | Received a gift from Okawaru
 20311 | Lair:5   | Noticed Josephine
 20317 | Lair:5   | Killed Josephine
 20748 | Lair:4   | Reached skill level 5 in Invocations
 20833 | Lair:4   | Received a gift from Okawaru
 22003 | Lair:5   | Received a gift from Okawaru
 22113 | Lair:5   | Identified the ring of the Hippo {rElec Int+4 Dex+6}
 22122 | Lair:5   | Identified the +4 trident of Classification {elec, Will++}
 22408 | Orc:1    | Entered Level 1 of the Orcish Mines
 22507 | Orc:1    | Reached skill level 5 in Stealth
 22826 | Orc:1    | Found a dark tunnel.
 22832 | Volcano  | Entered a volcano
 23137 | Volcano  | Identified the +1 great sword "Nag Asov" {heavy, Dex+2}
                  | (Okawaru gifted it to you in a volcano)
 23137 | Volcano  | Received a gift from Okawaru
 23403 | Volcano  | Reached skill level 5 in Throwing
 23570 | Orc:2    | Entered Level 2 of the Orcish Mines
 23573 | Orc:2    | Gained mutation: You have hoof-like feet. [demonic
                  | ancestry]
 23573 | Orc:2    | Reached XP level 14. HP: 113/113 MP: 18/18
 23754 | Orc:2    | Found a staircase to the Elven Halls.
 23764 | Orc:2    | Noticed Nessos
 23766 | Orc:2    | Nessos changed into Nessos the elephant
 23766 | Orc:2    | Noticed Nessos
 23797 | Orc:2    | Killed Nessos the elephant
 23861 | Orc:2    | Reached skill level 5 in Evocations
 24239 | Orc:2    | Found Irameut's Antique Weapon Shoppe.
 24361 | Orc:2    | Found Inos's Antique Armour Shoppe.
 24375 | Orc:2    | Bought a shiny helmet for 232 gold pieces
 24662 | Orc:2    | Found Esomonk's Armour Emporium.
 24675 | Orc:2    | Bought the +0 pair of gloves "Ammyr" {rPois Will+ Str+3}
                  | for 386 gold pieces
 25337 | Orc:2    | Noticed an orc warlord
 25348 | Orc:2    | Killed an orc warlord
 25348 | Orc:2    | Identified the +4 scale mail "Zuenwuhopt" {rN+ Dex+4}
                  | (Okawaru gifted it to you on level 2 of the Orcish Mines)
 25348 | Orc:2    | Received a gift from Okawaru
 25598 | Orc:2    | Found Nenig's Antique Armour Shop.
 25609 | Orc:2    | Found Ickisopn's Antique Weapon Boutique.
 25618 | Orc:2    | Bought a runed scimitar for 203 gold pieces
 26903 | D:11     | Found a runed translucent door.
 26905 | D:11     | Noticed Thantalas's ghost (journeyman GrEE)
 26907 | D:11     | Identified the +6 trident "Tocaoc" {speed, Fragile Dex+3
                  | SInv}
 27657 | D:12     | Noticed Urug
 27671 | D:12     | Killed Urug
 28239 | D:12     | Received a gift from Okawaru
 28485 | D:12     | Received a gift from Okawaru
 28738 | D:13     | Identified the +1 kite shield of the Jocular God {Int+3}
                  | (Okawaru gifted it to you on level 13 of the Dungeon)
 28738 | D:13     | Received a gift from Okawaru
 29101 | D:13     | Found a gate to the Vaults.
 29169 | D:13     | Gained mutation: You may rarely emit foul miasma when
                  | damaged in melee. [demonic ancestry]
 29169 | D:13     | Reached XP level 15. HP: 109/120 MP: 19/21
 29394 | D:13     | Found Seka Ykhag's Magic Scroll Shoppe.
 29397 | D:13     | Bought a scroll of teleportation for 54 gold pieces
 31497 | D:15     | Entered Level 15 of the Dungeon
 31509 | D:15     | Found a frozen archway.
 31659 | IceCv    | Entered an ice cave
 31946 | D:15     | Reached skill level 10 in Dodging
 31961 | D:15     | Reached skill level 10 in Invocations
 31992 | D:15     | Received a gift from Okawaru
 32356 | D:15     | Found an opulent altar of Gozag.
 32359 | D:15     | Found Adenu's Book Emporium.
 32652 | D:15     | Identified Roxanne's Dissertation on Shapeshifting
 32652 | D:15     | Noticed Roxanne
 33274 | D:15     | Found a staircase to the Depths.
 33526 | Snake:1  | Entered Level 1 of the Snake Pit
 33540 | Snake:1  | Noticed a nagaraja
 33599 | Snake:1  | Killed a nagaraja
 33599 | Snake:1  | Received a gift from Okawaru
 34458 | Snake:1  | Found Ipsoblicece's Jewellery Emporium.
 34472 | Snake:1  | Bought the amulet "Plog" {RegenMP rF+ Will+} for 793 gold
                  | pieces
 35001 | Snake:1  | Found the +7 sceptre of Torment {pain, torment}
 35575 | Snake:1  | Identified the +0 plate armour "Cerghierph" {rPois rN+
                  | Int+3} (Okawaru gifted it to you on level 1 of the Snake
                  | Pit)
 35575 | Snake:1  | Received a gift from Okawaru
 35614 | Snake:1  | Gained mutation: When low on magic, you restore magic in
                  | place of health. [demonic ancestry]
 35614 | Snake:1  | Reached XP level 16. HP: 101/130 MP: 24/24
 35851 | Snake:2  | Noticed Aizul
 36517 | Snake:1  | Killed Aizul
 37034 | Snake:2  | Noticed Louise
 37291 | Snake:2  | Killed Louise
 37501 | Snake:2  | Reached skill level 10 in Throwing
 38007 | Snake:2  | Reached skill level 1 in Shields
 40875 | Snake:3  | Received a gift from Okawaru
 41097 | Snake:4  | Entered Level 4 of the Snake Pit
 41148 | Snake:4  | Noticed nago's ghost (adept DrAE)
 41148 | Snake:4  | Found the necklace of Bloodlust {Fury *Rage Will++ Int-3
                  | Slay+6}
 41151 | Snake:4  | Found a runed translucent door.
 42045 | Snake:4  | Received a gift from Okawaru
 42321 | Snake:4  | Reached skill level 5 in Shields
 43171 | Snake:4  | Reached XP level 17. HP: 121/139 MP: 26/26
 43431 | Snake:4  | Got a serpentine rune of Zot
 44211 | Snake:4  | Found a runed translucent door.
 44278 | Snake:4  | Received a gift from Okawaru
 44278 | Snake:4  | Found the +2 cloak of the Thief {*Fog Slay-2 SInv Stlth+}
 45163 | Shoals:1 | Entered Level 1 of the Shoals
 45404 | Shoals:1 | Found Baenir's CLEARANCE SALE!.
 45584 | Shoals:1 | Noticed a kraken
 45661 | Shoals:1 | Killed a kraken
 47345 | Shoals:2 | Noticed a kraken
 47390 | Shoals:2 | Killed a kraken
 47651 | Shoals:2 | Noticed Polyphemus
 47863 | Shoals:2 | Killed Polyphemus
 48235 | Shoals:2 | Found Huul's Book Shop.
 48502 | Shoals:3 | Acquired a manual of Translocations
 48547 | Shoals:3 | Received a gift from Okawaru
 48900 | Shoals:3 | Noticed Donald
 48914 | Shoals:3 | Killed Donald
 49159 | Shoals:3 | Noticed Ilsuiw
 49232 | Shoals:3 | Noticed Nikola
 49842 | Shoals:2 | Killed Nikola
 49842 | Shoals:2 | Received a gift from Okawaru
 50289 | Shoals:3 | Killed Ilsuiw
 50470 | Shoals:4 | Entered Level 4 of the Shoals
 50641 | Shoals:4 | Reached XP level 18. HP: 123/148 MP: 24/27
 50932 | Shoals:4 | Found the +7 Spriggan's Knife {stab, EV+4 Stlth+}
 50966 | Shoals:4 | Noticed Mara
 51253 | Shoals:3 | Reached skill level 15 in Fighting
 51405 | Shoals:3 | Identified the +6 morningstar "Suegunuq" {drain, *Noise
                  | rCorr MP+9 SInv} (Okawaru gifted it to you on level 3 of
                  | the Shoals)
 51405 | Shoals:3 | Received a gift from Okawaru
 51830 | Arena    | Entered the Arena
 51847 | Arena    | Killed Mara
 52101 | Shoals:4 | Received a gift from Okawaru
 52736 | Shoals:4 | Identified the staff of conjuration "Fiskuypt" {rC+ rN+
                  | Str-2 Dex+2}
 53390 | Shoals:4 | Got a barnacled rune of Zot
 53599 | Elf:1    | Entered Level 1 of the Elven Halls
 53606 | Orc:2    | Paralysed by an air elemental for 1 turns
 53655 | Elf:1    | Paralysed by an air elemental for 1 turns
 53667 | Orc:2    | Paralysed by an air elemental for 1 turns
 53678 | Orc:2    | Received a gift from Okawaru
 53955 | Elf:1    | Found Imna's Antique Weapon Shop.
 54035 | Elf:1    | Received a gift from Okawaru
 54661 | Elf:2    | Received a gift from Okawaru
 54998 | Elf:2    | Paralysed by an air elemental for 1 turns
 55008 | Elf:2    | Paralysed by an air elemental for 1 turns
 55517 | Elf:2    | Reached skill level 15 in Long Blades
 55803 | Elf:2    | Noticed a Brimstone Fiend
 55805 | Elf:2    | Noticed a Brimstone Fiend
 56263 | Elf:2    | Received a gift from Okawaru
 56726 | Elf:2    | Found a runed translucent gate.
 56726 | Elf:2    | Found a runed translucent gate.
 56726 | Elf:2    | Found a runed translucent gate.
 56829 | Elf:3    | Entered Level 3 of the Elven Halls
 57104 | Elf:3    | Gained mutation: You have hooves in place of feet. [demonic
                  | ancestry]
 57104 | Elf:3    | Reached XP level 19. HP: 156/157 MP: 28/28
 57438 | Vaults:1 | Entered Level 1 of the Vaults
 57467 | Vaults:1 | Received a gift from Okawaru
 60905 | Arena    | Entered the Arena
 62961 | Vaults:2 | Received a gift from Okawaru
 62989 | Vaults:2 | Identified the +7 short sword of Overwhelming Force {speed,
                  | rF+ rN+ Dex-2} (Okawaru gifted it to you on level 2 of the
                  | Vaults)
 62989 | Vaults:2 | Received a gift from Okawaru
 63672 | Vaults:3 | Reached XP level 20. HP: 144/166 MP: 27/29
 64004 | Vaults:3 | HP: 3/166 [war gargoyle/spray of metal splinters[a
                  | peacekeeper] (25)]
 64782 | Vaults:3 | Identified the +1 pair of gloves of the Other Side
                  | {*Corrode +Inv Dex+10 Slay+3} (Okawaru gifted it to you on
                  | level 3 of the Vaults)
 64782 | Vaults:3 | Received a gift from Okawaru
 65009 | Vaults:3 | Found a staircase to the Crypt.
 65009 | Vaults:3 | Found an ancient bone altar of Kikubaaqudgha.
 65010 | Vaults:3 | Found a basalt altar of Yredelemnul.
 65058 | Vaults:3 | Noticed Jory
 65076 | Vaults:3 | Killed Jory
 65501 | Vaults:3 | Found Plog's Antique Armour Shoppe.
 65821 | Vaults:4 | Found Zemoejes's Weapon Emporium.
 67080 | Vaults:4 | Reached skill level 15 in Dodging
 68309 | Elf:3    | Received a gift from Okawaru
 68762 | Elf:3    | Identified the ring "Rekkarig" {Fly rC+}
 68835 | Elf:3    | Identified the +1 great mace of the Pariah {drain, rC-
                  | Int+4 Dex+3 SInv} (Okawaru gifted it to you on level 3 of
                  | the Elven Halls)
 68835 | Elf:3    | Received a gift from Okawaru
 68971 | Elf:3    | Identified the +1 chain mail of Follow the Leader {*Slow
                  | rElec rCorr Dex-3}
 68971 | Elf:3    | Identified the amulet of Siupygu {RegenMP Dex+2}
 69220 | Elf:3    | Gained mutation: You sometimes emit foul miasma when
                  | damaged in melee. [demonic ancestry]
 69220 | Elf:3    | Reached XP level 21. HP: 102/160 MP: 30/30
 69517 | Elf:3    | Reached skill level 15 in Throwing
 69522 | Elf:3    | Identified the +1 broad axe "Enureg" {drain, Fragile Will+
                  | rCorr Int+3}
 69546 | Elf:3    | Identified the +9 dagger "Eblapp" {venom, rF++ Will+ rCorr
                  | Str-4}
 69732 | Elf:3    | Identified the +12 long sword "Hell-Harrower" {speed, rC+
                  | Will++ rCorr Int-2}
 69967 | Elf:3    | Identified the +5 orcbow of Exoneration {heavy, Will+}
 70375 | Depths:1 | Entered Level 1 of the Depths
 70514 | Depths:1 | Found Noirpha's Gadget Gallery.
 70524 | Depths:1 | Bought a wand of acid (4) for 302 gold pieces
 70524 | Depths:1 | Bought a wand of acid (3) for 226 gold pieces
 70550 | Depths:1 | Received a gift from Okawaru
 70809 | Depths:1 | Found a magical portal.
 70818 | WizLab   | Entered Lehudib's Moon Base
 71006 | WizLab   | Found a transporter.
 71911 | WizLab   | Identified the amulet of the Omega Point {RegenMP Contam
                  | rC+++ Regen+ Dex+3}
 72304 | WizLab   | Found a transporter.
 72494 | WizLab   | Received a gift from Okawaru
 72558 | WizLab   | Identified the ring of the Lonely Mice {rElec rPois rC-
                  | MP+9 Int+4}
 72561 | WizLab   | Identified the ring of Ysuupn {rElec rPois rC- rN+ Dex+6}
 72601 | WizLab   | Identified the scarf of the Dungeon {shadows, Dex+3}
 72660 | Depths:1 | Found a gateway to Hell.
 72978 | Depths:1 | Found a one-way gate leading to the halls of Pandemonium.
 73394 | Depths:2 | Received a gift from Okawaru
 73394 | Depths:2 | Found the +8 demon blade "Leech" {evervamp, Harm Drain rN+}
 73415 | Depths:2 | Noticed Saint Roka
 73487 | Depths:1 | Killed Saint Roka
 73572 | Depths:2 | Noticed a caustic shrike
 73584 | Depths:2 | Killed a caustic shrike
 73585 | Depths:2 | Reached XP level 22. HP: 181/184 MP: 31/31
 73657 | Depths:2 | Found a one-way gate to the infinite horrors of the Abyss.
 73745 | Depths:2 | Reached skill level 10 in Shields
 73862 | Depths:2 | Noticed a golden dragon
 73882 | Depths:2 | Received a gift from Okawaru
 73889 | Depths:2 | Killed a golden dragon
 74434 | Depths:2 | Received a gift from Okawaru
 75519 | Depths:3 | Received a gift from Okawaru
 76587 | Depths:3 | Found a hide-covered altar of Uskayaw.
 76770 | Depths:3 | Identified the +7 chain mail of Okawaru's Envy {rPois Str+5
                  | Dex-3} (Okawaru gifted it to you on level 3 of the Depths)
 76770 | Depths:3 | Received a gift from Okawaru
 76892 | Depths:3 | Identified the +0 shadow dragon scales of the Game of Life
                  | {rElec Will+ SInv Stlth++++}
 77192 | Depths:3 | Found an ancient bone altar of Kikubaaqudgha.
 77224 | Depths:3 | Identified the +0 plate armour of the Endless Expanse {rF+}
 77271 | Depths:3 | Noticed Xtahua
 77287 | Depths:3 | Killed Xtahua
 77308 | Depths:4 | Entered Level 4 of the Depths
 77591 | Depths:4 | Found a gate to the Realm of Zot.
 77591 | Depths:4 | Noticed a golden dragon
 77598 | Depths:4 | Reached XP level 23. HP: 171/172 MP: 32/32
 78424 | Depths:4 | Found a one-way gateway to a ziggurat.
 78425 | Depths:4 | Noticed an ancient lich
 78785 | Depths:4 | Identified the +1 plate armour of Snakes and Ladders {Str+2
                  | Int+3} (Okawaru gifted it to you on level 4 of the Depths)
 78785 | Depths:4 | Received a gift from Okawaru
 79407 | Vaults:5 | Entered Level 5 of the Vaults
 79407 | Vaults:5 | Noticed an ancient lich
 80070 | Vaults:5 | Killed an ancient lich
 80214 | Vaults:5 | Identified the +8 orcbow of Charity {freeze, rF+ Str+2
                  | SInv}
 80403 | Vaults:5 | Received a gift from Okawaru
 80442 | Vaults:5 | Identified the ring of Desu {Wiz *Slow rElec Dex-5 Stlth+}
 80524 | Vaults:5 | Received a gift from Okawaru
 80525 | Vaults:5 | Reached skill level 15 in Shields
 80692 | Vaults:5 | Noticed an ancient lich
 80700 | Vaults:5 | Noticed a dread lich
 80712 | Vaults:5 | Killed an ancient lich
 80714 | Vaults:5 | Received a gift from Okawaru
 80721 | Vaults:5 | Killed a dread lich
 80722 | Vaults:5 | Gained mutation: Your magical and physical power is
                  | slightly enhanced at high health. [demonic ancestry]
 80722 | Vaults:5 | Reached XP level 24. HP: 192/197 MP: 29/32
 80962 | Vaults:5 | Received a gift from Okawaru
 80972 | Vaults:5 | Reached skill level 10 in Armour
 81126 | Vaults:5 | Identified the +5 ice dragon scales of Sin {rF- rC++ Will++
                  | SInv}
 81141 | Vaults:5 | Identified the staff of death "Lielusum" {rN+ MP+9 Int+2}
 81203 | Vaults:5 | Received a gift from Okawaru
 81225 | Vaults:5 | Gained mutation: Potions are less effective at restoring
                  | your health. [a shining eye]
 81227 | Vaults:5 | Gained mutation: You occasionally lose the ability to drink
                  | potions when taking damage. [a shining eye]
 81266 | Vaults:5 | Lost mutation: Potions are less effective at restoring your
                  | health. [potion of mutation]
 81266 | Vaults:5 | Lost mutation: You occasionally lose the ability to drink
                  | potions when taking damage. [potion of mutation]
 81266 | Vaults:5 | Gained mutation: Your flesh is cold resistant. (rC+)
                  | [potion of mutation]
 81324 | Vaults:5 | Noticed an ancient lich
 81344 | Vaults:5 | Killed an ancient lich
 81654 | Vaults:5 | Identified the +1 whip "Mont" {freeze, rC+ Int+3}
 81665 | Vaults:5 | Identified the staff of conjuration "Ontoizizo" {rElec
                  | Int+3 Dex+3}
 81668 | Vaults:5 | Got a silver rune of Zot
 81741 | Vaults:5 | Identified the +2 ring mail of the Bulwark {+Blink rPois
                  | Int-2}
 81750 | Vaults:5 | Got Xadidom's Compilation of Forceful Malignant Rites
 81768 | Vaults:5 | Identified the +4 mace of Edghaumi {heavy, rPois rC+ Will++
                  | Int-5}
 82030 | Vaults:5 | Reached skill level 10 in Evocations
 82504 | Zot:1    | Entered Level 1 of the Realm of Zot
 82665 | Zot:2    | Noticed Grunn
 82787 | Arena    | Entered the Arena
 82960 | Zot:2    | Killed Grunn
 83037 | Zot:3    | Noticed a Killer Klown
 83037 | Zot:3    | Noticed a Killer Klown
 83037 | Zot:3    | Noticed a Killer Klown
 83037 | Zot:3    | Noticed a Killer Klown
 83054 | Zot:2    | Killed a Killer Klown
 83072 | Zot:2    | Killed a Killer Klown
 83093 | Zot:2    | Killed a Killer Klown
 83124 | Zot:2    | Killed a Killer Klown
 83311 | Zot:3    | Found the +4 dragonskin cloak
 83311 | Zot:3    | Noticed Tiamat
 83673 | D:8      | Bought a scroll of poison for 44 gold pieces
 83673 | D:8      | Bought a scroll of teleportation for 33 gold pieces
 83673 | D:8      | Bought a scroll of teleportation for 33 gold pieces
 83673 | D:8      | Bought a scroll of blinking for 82 gold pieces
 83869 | Snake:4  | Killed nago's ghost
 84151 | D:11     | Killed Thantalas's ghost
 84385 | D:5      | Killed mopl's ghost
 84553 | D:8      | Killed caveywoolpert's ghost
 84905 | Zot:2    | Identified the +0 crystal plate armour of Decompression
                  | {+Blink} (Okawaru gifted it to you on level 2 of the Realm
                  | of Zot)
 84905 | Zot:2    | Received a gift from Okawaru
 85029 | Zot:3    | Noticed an orb of fire
 85037 | Zot:3    | Noticed a Killer Klown
 85749 | Zot:2    | Noticed a Killer Klown
 85765 | Zot:2    | Killed a Killer Klown
 86748 | Zot:2    | Noticed an orb of fire
 86748 | Zot:2    | Gained mutation: You have hidden genetic defects. [an orb
                  | of fire]
 86753 | Zot:2    | Gained mutation: Your magical capacity is low. (-10% MP)
                  | [an orb of fire]
 86763 | Zot:2    | Gained mutation: Your mind is acute. (Int +4, Str/Dex -1)
                  | [an orb of fire]
 86767 | Zot:2    | Killed an orb of fire
 86978 | Zot:3    | Gained mutation: Your magical and physical power is
                  | enhanced at high health. [demonic ancestry]
 86978 | Zot:3    | Reached XP level 25. HP: 175/204 MP: 26/28
 87166 | Zot:3    | Received a gift from Okawaru
 87199 | Zot:3    | Killed Tiamat
 87342 | Zot:3    | Killed a Killer Klown
 87359 | Zot:3    | Reached skill level 15 in Armour
 87361 | Zot:3    | Gained mutation: You are clumsy. (Dex -2) [hidden defects]
 87455 | Zot:3    | Gained mutation: You possess an exceptional clarity of
                  | mind. [an orb of fire]
 87457 | Zot:3    | Gained mutation: You are occasionally teleported next to
                  | monsters. [an orb of fire]
 87459 | Zot:3    | Killed an orb of fire
 87501 | Zot:3    | Received a gift from Okawaru
 87511 | Zot:3    | Lost mutation: You have hidden genetic defects. [potion of
                  | mutation]
 87511 | Zot:3    | Lost mutation: You are occasionally teleported next to
                  | monsters. [potion of mutation]
 87511 | Zot:3    | Lost mutation: You possess an exceptional clarity of mind.
                  | [potion of mutation]
 87511 | Zot:3    | Lost mutation: You are clumsy. (Dex -2) [potion of
                  | mutation]
 87727 | Zot:4    | Received a gift from Okawaru
 87847 | Zot:4    | Received a gift from Okawaru
 88089 | Zot:5    | Entered Level 5 of the Realm of Zot
 88373 | Zot:5    | Noticed an orb of fire
 88379 | Zot:5    | Gained mutation: You occasionally lose the ability to drink
                  | potions when taking damage. [an orb of fire]
 88391 | Zot:5    | Gained mutation: Your body sometimes deteriorates upon
                  | taking damage. [an orb of fire]
 88399 | Zot:5    | Killed an orb of fire
 88399 | Zot:5    | Received a gift from Okawaru
 88412 | Zot:5    | Lost mutation: You occasionally lose the ability to drink
                  | potions when taking damage. [potion of mutation]
 88412 | Zot:5    | Lost mutation: Your magical capacity is low. (-10% MP)
                  | [potion of mutation]
 88412 | Zot:5    | Lost mutation: Your flesh is cold resistant. (rC+) [potion
                  | of mutation]
 88412 | Zot:5    | Gained mutation: You are agile. (Dex +4, Str/Int -1)
                  | [potion of mutation]
 88723 | Zot:5    | Noticed an orb of fire
 88726 | Zot:5    | Noticed an orb of fire
 88729 | Zot:5    | Noticed an ancient lich
 88731 | Zot:5    | Killed an orb of fire
 88731 | Zot:5    | Received a gift from Okawaru
 88732 | Zot:5    | Noticed an ancient lich
 88737 | Zot:5    | Killed an orb of fire
 88737 | Zot:5    | Killed an ancient lich
 88738 | Zot:5    | Noticed an ancient lich
 88739 | Zot:5    | Noticed a Killer Klown
 88740 | Zot:5    | Received a gift from Okawaru
 88741 | Zot:5    | Noticed an ancient lich
 88744 | Zot:5    | Noticed an orb of fire
 88745 | Zot:5    | Noticed an orb of fire
 88747 | Zot:5    | Killed an ancient lich
 88749 | Zot:5    | Killed an ancient lich
 88749 | Zot:5    | Noticed a Killer Klown
 88751 | Zot:5    | Noticed a Killer Klown
 88752 | Zot:5    | Noticed an orb of fire
 88754 | Zot:5    | Noticed a dread lich
 88759 | Zot:5    | Killed an ancient lich
 88760 | Zot:5    | Noticed a Killer Klown
 88762 | Zot:5    | Noticed a Killer Klown
 88763 | Zot:5    | Killed an orb of fire
 88763 | Zot:5    | Noticed a Killer Klown
 88764 | Arena    | Entered the Arena
 88771 | Arena    | Killed a Killer Klown
 88784 | Zot:5    | Noticed a dread lich
 88792 | Zot:5    | Gained mutation: You do not regenerate when monsters are
                  | visible. [an orb of fire]
 88875 | Zot:4    | Lost mutation: Your mind is acute. (Int +4, Str/Dex -1)
                  | [potion of mutation]
 88875 | Zot:4    | Lost mutation: You do not regenerate when monsters are
                  | visible. [potion of mutation]
 88875 | Zot:4    | Gained mutation: You are very agile. (Dex +8, Str/Int -2)
                  | [potion of mutation]
 88875 | Zot:4    | Gained mutation: Your spells are a little easier to cast,
                  | but a little less powerful. [potion of mutation]
 88875 | Zot:4    | Gained mutation: You occasionally shout uncontrollably at
                  | your foes. [potion of mutation]
 88875 | Zot:4    | Gained mutation: You expend magic power (3 MP) to
                  | strengthen your wands. [potion of mutation]
 88887 | Zot:4    | Gained mutation: Your body often deteriorates upon taking
                  | damage. [an orb of fire]
 88896 | Zot:4    | Killed an orb of fire
 88959 | Zot:4    | Killed a Killer Klown
 88968 | Zot:4    | Gained mutation: Your magical and physical power is greatly
                  | enhanced at high health. [demonic ancestry]
 88968 | Zot:4    | Reached XP level 26. HP: 207/215 MP: 33/34
 88981 | Zot:4    | Gained mutation: Your spells are easier to cast, but less
                  | powerful. [an orb of fire]
 88985 | Zot:4    | Killed a dread lich
 88990 | Zot:4    | Killed an orb of fire
 89000 | Zot:5    | Killed a dread lich
 89000 | Zot:5    | Identified the +4 ring mail "Akumis" {rElec rCorr Int+3
                  | Stlth+} (Okawaru gifted it to you on level 5 of the Realm
                  | of Zot)
 89000 | Zot:5    | Received a gift from Okawaru
 89008 | Zot:5    | Reached skill level 15 in Invocations
 89306 | Zot:5    | Lost mutation: You expend magic power (3 MP) to strengthen
                  | your wands. [potion of mutation]
 89306 | Zot:5    | Lost mutation: Your body often deteriorates upon taking
                  | damage. [potion of mutation]
 89306 | Zot:5    | Gained mutation: You are covered in fur. (AC +1) [potion of
                  | mutation]
 89306 | Zot:5    | Gained mutation: Your flesh is cold resistant. (rC+)
                  | [potion of mutation]
 89306 | Zot:5    | Gained mutation: You have a pair of small horns on your
                  | head. [potion of mutation]
 89307 | Zot:5    | Lost mutation: You have a pair of small horns on your head.
                  | [potion of mutation]
 89307 | Zot:5    | Lost mutation: Your body sometimes deteriorates upon taking
                  | damage. [potion of mutation]
 89307 | Zot:5    | Lost mutation: Your flesh is cold resistant. (rC+) [potion
                  | of mutation]
 89307 | Zot:5    | Gained mutation: You are partially covered in large bone
                  | plates. (SH +4) [potion of mutation]
 89307 | Zot:5    | Gained mutation: Your flesh is cold resistant. (rC+)
                  | [potion of mutation]
 89307 | Zot:5    | Gained mutation: You have a somewhat thin skeletal
                  | structure. (Dex +2, Stealth+) [potion of mutation]
 89987 | Slime:1  | Entered Level 1 of the Pits of Slime
 90262 | Slime:4  | Gained mutation: You are frail. (-10% HP) [a shining eye]
 90286 | Slime:4  | Gained mutation: Armour fits poorly on your strangely
                  | shaped body. [a shining eye]
 90299 | Slime:5  | Entered Level 5 of the Pits of Slime
 90318 | Slime:5  | Noticed the Royal Jelly
 90322 | Slime:4  | Gained mutation: You frequently scream uncontrollably at
                  | your foes. [a shining eye]
 90326 | Slime:4  | Received a gift from Okawaru
 90379 | Slime:5  | Killed the Royal Jelly
 90473 | Slime:5  | Gained mutation: You have hidden genetic defects. [a
                  | shining eye]
 90485 | Slime:5  | Gained mutation: Your body sometimes deteriorates upon
                  | taking damage. [a shining eye]
 90637 | Slime:5  | Gained mutation: You occasionally lose the ability to drink
                  | potions when taking damage. [a shining eye]
 90642 | Slime:5  | Gained mutation: Potions are less effective at restoring
                  | your health. [a shining eye]
 90647 | Slime:5  | Gained mutation: Your magical capacity is low. (-10% MP) [a
                  | shining eye]
 90648 | Slime:5  | Gained mutation: You are dopey. (Int -2) [a shining eye]
 90666 | Slime:5  | Identified the +0 plate armour of Proximity {rC- rN+ Will++
                  | Int+3}
 90694 | Slime:5  | Got the Volume of Grisly Incandescence
 90732 | Slime:5  | Got a slimy rune of Zot
 90735 | Slime:5  | Identified the +5 scale mail "Acher" {+Inv rElec Dex+4
                  | Slay-6}
 90747 | Slime:5  | Identified the ring of Kizyodir {rElec rC+ rN+ Str+6
                  | Stlth+}
 90777 | Slime:5  | Identified the +0 chain mail "Homozeni" {Str+3 SInv Stlth+}
 91277 | Depths:2 | Voluntarily entered the Abyss.
 91343 | Abyss:1  | Found a corrupted altar of Lugonu.
 91474 | Abyss:1  | Found a corrupted altar of Lugonu.
 91475 | Abyss:1  | Found a corrupted altar of Lugonu.
 91475 | Abyss:1  | Found a corrupted altar of Lugonu.
 91837 | Abyss:1  | Found a corrupted altar of Lugonu.
 91880 | Abyss:1  | Found a corrupted altar of Lugonu.
 91995 | Abyss:1  | Received a gift from Okawaru
 92141 | Abyss:2  | Gained mutation: You are weak. (Str -2) [hidden defects]
 92250 | Abyss:3  | Found a corrupted altar of Lugonu.
 92265 | Abyss:3  | Found a corrupted altar of Lugonu.
 92265 | Abyss:3  | Found a corrupted altar of Lugonu.
 92297 | Abyss:3  | Found a corrupted altar of Lugonu.
 92525 | Abyss:3  | Found a corrupted altar of Lugonu.
 92537 | Abyss:3  | Received a gift from Okawaru
 92591 | Abyss:3  | Found a corrupted altar of Lugonu.
 92598 | Abyss:3  | Gained mutation: You frequently emit foul miasma when
                  | damaged in melee. [demonic ancestry]
 92598 | Abyss:3  | Reached XP level 27. HP: 204/204 MP: 30/30
 92679 | Abyss:3  | Identified the +1 chain mail "Tykyo" {*Corrode Will+++
                  | Regen+ Str+2} (Okawaru gifted it to you on level 3 of the
                  | Abyss)
 92679 | Abyss:3  | Received a gift from Okawaru
 92801 | Abyss:3  | Found a radiant altar of Vehumet.
 93009 | Abyss:3  | Gained mutation: You occasionally lose the ability to read
                  | scrolls when taking damage. [a neqoxec]
 93068 | Abyss:3  | Gained mutation: You sometimes lose the ability to drink
                  | potions when taking damage. [hidden defects]
 93068 | Abyss:3  | Lost mutation: You have hidden genetic defects. [hidden
                  | defects expressed]
 93085 | Abyss:3  | Found a corrupted altar of Lugonu.
 93175 | Abyss:3  | Got an abyssal rune of Zot
 93188 | Abyss:3  | Found a corrupted altar of Lugonu.
 93233 | Abyss:3  | Paralysed by you for 4 turns
 93238 | Depths:2 | Escaped the Abyss
 93441 | Zot:5    | Got the Orb of Zot
 93673 | Depths:1 | Noticed Nuvuwned the pandemonium lord
 93727 | D:15     | Killed Roxanne
 93855 | D:10     | Noticed Laevof the pandemonium lord
 94044 | D:2      | Noticed Efoukiuv the pandemonium lord
 94063 | D:2      | Killed Efoukiuv the pandemonium lord
 94106 | D:2      | Noticed Cettej the pandemonium lord
 94143 | D:$      | Escaped with the Orb!

Illustrated notes

Levels and vault maps discovered:
D:1:      lordsloth_arrival_two_stooges, layout_rooms
D:2:      layout_loops_corners
D:3:      layout_basic, chequers_ecumenical_altar_grove,
          cheibrodos_sewer_entry_bend
D:4:      layout_basic, gammafunk_temple_overflow_claw,
          nicolae_elyvilon_temple_path, minmay_fractal_squares_diagonal_5
D:5:      layout_loops_ring, serial_shops, nicolae_shop_back_alley_shop,
          biasface_ghost_orc_armoury
D:6:      layout_basic, lemuel_crystal_altar, lemuel_crystal_altar,
          serial_shops, shop
D:7:      layout_rooms, grunt_temple_overflow_gold_and_silver,
          nemelex_altar_shiori, lemuel_temple_firewalk_a
D:8:      layout_basic, nicolae_hepliaklqana_hazy_memory, dpeg_lair_monsters,
          gammafunk_ghost_spectres, serial_shops,
          nicolae_shop_just_a_little_nook
D:9:      layout_loops_ring, vehumet_altar_wand_db, zombieorc1_lemuel,
          skrybe_limestone_x
D:10:     layout_basic, tso_oasis_becter, mainiacjoe_overflow_tiny_flanked,
          uniq_sonja
D:11:     nrook_guardian_serpent_snake_passage, layout_long_grid,
          ebering_ghost_funeral_grove, elves_outpost_lemuel
D:12:     layout_roguey, special_room [special_room_bee],
          einodemon_barbed_minivault, uniq_urug
D:13:     layout_cave_pods, erik_vaults_1, serial_shops, kennysheep_mini_moat,
          grunt_decor_junction
D:14:     layout_rooms, infiniplex_staircase_door_maze, serial_co_window_serial,
          co_window_cross_1, co_window_of_opportunity_a, co_window_corner_a,
          co_window_paths_a, co_window_paths_a, co_window_paths_b,
          co_window_of_opportunity_a, co_window_paths_a, co_window_corner_a,
          co_window_broadway_a, co_window_corner_b, co_window_2corner,
          co_window_2corner, co_window_2corner, co_window_2corner,
          glass_columns_a
D:15:     grunt_enter_depths_hoard, layout_basic,
          portal_ice_cave_entry_frozen_things, serial_shops,
          nicolae_shop_statue_plus, nicolae_gozag_seed_capital, uniq_roxanne
Lair:1:   layout_roguey, grunt_forest_stairs_basic, serial_bayou_shore_b,
          uniq_nergalle
Lair:2:   layout_regular_city, elwin_shoals_entry_rocks,
          guppyfry_snake_entry_island, forest_entry_grove, serial_bayou_shore_a,
          uniq_harold
Lair:3:   layout_loops_ring, grunt_forest_large_clearing_hut
Lair:4:   layout_gridlike, nicolae_slime_entry_slimehenge,
          infiniplex_staircase_pool, serial_bayou_shore_b, serial_bayou_shore_b
Lair:5:   gammafunk_lair_ancient_temple, layout_loops_ring,
          nicolae_quartered_pool_impasse, uniq_josephine
Shoals:1: layout_shoals, nicolae_shop_clearance
Shoals:2: layout_shoals, serial_shops, shop,
          nicolae_shoals_beach_house_on_fowls_legs, uniq_polyphemus
Shoals:3: layout_shoals, uniq_nikola, uniq_donald, uniq_ilsuiw
Shoals:4: shoals_end_hangedman, layout_shoals, uniq_mara
Snake:1:  layout_onion, serial_shops, shop, nicolae_large_snake_swirl,
          lemuel_fruit_tree
Snake:2:  layout_chambers, uniq_louise, uniq_aizul
Snake:3:  layout_chambers
Snake:4:  snake_pit, layout_misc_corridors, hellmonk_ghost_happy_afterlife,
          st_stairs_8, lightli_airlock
Slime:1:  layout_caves
Slime:2:  layout_caves
Slime:3:  layout_caves
Slime:4:  layout_caves
Slime:5
Orc:1:    layout_diamond_mine, enter_volcano_3, basic_altar, lightli_orcish_oven
Orc:2:    grunt_orc_community_town_hall, layout_diamond_mine,
          grunt_orc_community_big_house_2, grunt_orc_community_big_house_2,
          grunt_orc_community_house_1, grunt_orc_community_house_2,
          grunt_orc_community_house_2, grunt_orc_community_house_3,
          serial_shops, nicolae_shop_hallway_stairs, uniq_nessos
Elf:1:    nicolae_elf_arrival_aired_out, layout_rooms, serial_shops,
          nicolae_shop_stone, minmay_elf_demonology
Elf:2:    nicolae_elf_blades_crystal_corner, layout_loops_corners, drop_trap,
          uniq_asterion
Elf:3:    minmay_elf_hall_spiked, layout_loops_corners
Vaults:1: hangedman_vaults_maws, nicolae_vaults_rhombus_5,
          nicolae_vaults_more_shelving_1, nicolae_vaults_border_crossing,
          layout_vaults_quadrants
Vaults:2: kb_rosetta, ontoclasm_vaults_fault, nicolae_vaults_little_squares_6,
          v_misc_19, ontoclasm_vaults_ligature,
          ontoclasm_vaults_decontamination, vaults_mumra_chevron_long,
          hangedman_vaults_unwind, nicolae_vaults_storage_room_glass,
          nicolae_vaults_lightning_bolt, grunt_vaults_swirl,
          ontoclasm_vaults_pinch, v_alt_pattern_6, nicolae_vaults_house_2,
          nicolae_vaults_yaktaur_gun_rack, ontoclasm_vaults_loading_screen,
          layout_vaults_omnicross
Vaults:3: vaults_room_fancy_cross, st_lattice, vaults_mumra_lcd,
          nicolae_vaults_heart-shaped_vault, nicolae_vaults_stepped_doors,
          minmay_crypt_entry_necro_gods, nicolae_vaults_hexular_roomagon,
          ontoclasm_vaults_ring_square, nicolae_vaults_network_s,
          nicolae_vaults_wine_cellar, ontoclasm_vaults_spin,
          hangedman_vaults_capsules, nicolae_vaults_prndl, layout_vaults_maze,
          serial_shops, shop, uniq_jory
Vaults:4: nicolae_vaults_door_testing_chamber, dpeg_vaults_monster_row,
          v_misc_8, nicolae_vaults_know_your_exits, nicolae_vaults_mitosis,
          grunt_vaults_hallway_long, nicolae_vaults_six-pack,
          dpeg_vaults_monster_box, nicolae_vaults_little_squares_4,
          nicolae_vaults_little_squares_4, nicolae_vaults_trapezoid_lopsided_2,
          layout_vaults_big_room, serial_shops, shop_fountains
Vaults:5
Depths:1: layout_small_grid, infiniplex_enter_wizlab_glasses, hell_entry,
          serial_bayou_lagoon_a, grunt_pan_entry_in_and_out, minmay_misc_feat_x,
          st_stairs_13, nicolae_shop_gadgets
Depths:2: minmay_expanding_squares, layout_cave_pools, minmay_holes,
          abyss_entry, hell_entry, rand_demon_pan_entry_7, uniq_saint_roka
Depths:3: lemuel_vampire_tower, layout_cave_pools, grunt_metal_band,
          abyss_entry, nicolae_uskayaw_dance_hall, grunt_ministairs_15,
          uniq_xtahua
Depths:4: grunt_zot_entry_tricorne, layout_long_grid, enter_ziggurat_d,
          ebering_dispersal_statue_hall, hell_entry
Zot:1:    layout_onion_interference
Zot:2:    layout_gridlike, uniq_grunn
Zot:3:    ebering_greatest_show_in_zot, layout_misc_corridors, uniq_tiamat
Zot:4:    layout_gridlike, grunt_megastairs_3
Zot:5:    layout_twisted_circle

Skill      XL: |  1  2  3  4  5  6  7  8  9 10 11 12 13 14 15 16 17 18 19 20 21 22 23 24 25 26 27 |
---------------+----------------------------------------------------------------------------------+-----
Stealth        | 1 2 3 5 7 |  7.0
Long Blades    | 3 4 5 7 9 10 11 12 13 15 16 18 | 18.0
Dodging        | 3 4 5 7 8 9 10 11 12 13 14 15 17 19 21 | 21.0
Armour         | 1 2 3 5 6 7 8 9 14 17 20 21 | 21.5
Fighting       | 3 4 6 7 8 9 10 11 12 13 14 15 16 17 18 19 20 21 | 21.0
Short Blades   | 3 4 |  4.5
Throwing       | 3 5 6 9 11 12 13 14 16 | 16.0
Invocations    | 3 6 8 11 12 14 15 | 15.0
Evocations     | 2 4 6 8 12 | 12.0
Shields        | 6 9 13 15 | 15.0

Action                     |  1- 3 |  4- 6 |  7- 9 | 10-12 | 13-15 | 16-18 | 19-21 | 22-24 | 25-27 || total
---------------------------+-------+-------+-------+-------+-------+-------+-------+-------+-------++-------
  Melee: Long sword        |     8 |       |    45 |       |       |       |   637 |  1925 |       ||  2615
         Short sword       |    45 |   264 |   471 |  1308 |  1190 |       |       |       |       ||  3278
         Punch             |       |     2 |     6 |       |       |       |       |       |       ||     8
         Scimitar          |       |       |       |       |  1092 |  2186 |  1261 |       |       ||  4539
         Great sword       |       |       |       |       |       |    39 |       |       |       ||    39
         Kick              |       |       |       |       |       |       |  1027 |  1510 |   825 ||  3362
         Demon blade       |       |       |       |       |       |       |       |   536 |  1504 ||  2040
  Throw: Boomerang         |       |     1 |     7 |    21 |    80 |   310 |   174 |    90 |       ||   683
         Dart              |       |       |    18 |     7 |     3 |     2 |       |       |     1 ||    31
         Throwing net      |       |       |     2 |     3 |       |       |     2 |     2 |       ||     9
         Javelin           |       |       |       |     1 |    62 |    97 |    97 |    74 |    63 ||   394
 Invoke: Heroism           |       |       |     1 |     2 |    10 |     9 |     6 |     7 |     3 ||    38
         Finesse           |       |       |       |       |     1 |     3 |     5 |     6 |     3 ||    18
         Duel              |       |       |       |       |       |     1 |     1 |     1 |     1 ||     4
  Evoke: Wand              |       |       |     2 |    21 |     7 |    10 |       |     3 |     8 ||    51
         Lightning rod     |       |       |       |       |    18 |    11 |    14 |     8 |     4 ||    55
         Phial of floods   |       |       |       |       |     2 |     3 |     1 |     1 |       ||     7
         Condenser vane    |       |       |       |       |       |       |       |     1 |     2 ||     3
    Use: Potion            |     1 |       |     3 |     7 |    12 |    13 |    13 |    22 |    14 ||    85
         Scroll            |       |     1 |     9 |     1 |    10 |    14 |     7 |    33 |     8 ||    83
   Stab: Sleeping          |       |     3 |     3 |     2 |     7 |    10 |     9 |       |       ||    34
         Held in net/web   |       |       |     1 |       |       |     1 |     1 |       |       ||     3
         Invisible         |       |       |       |       |     3 |       |     5 |       |       ||     8
         Distracted        |       |       |       |       |     4 |     3 |     2 |     1 |     1 ||    11
         Petrified         |       |       |       |       |       |     2 |       |       |       ||     2
         Paralysed         |       |       |       |       |       |       |       |       |     1 ||     1
 Armour: Leather armour    |     7 |    96 |     2 |       |       |       |       |       |       ||   105
         Robe              |       |       |   150 |       |       |       |       |       |       ||   150
         Acid dragon scale |       |       |     4 |   259 |       |       |       |       |       ||   263
         Scale mail        |       |       |       |   181 |   858 |   527 |   294 |       |       ||  1860
         Troll leather arm |       |       |       |       |       |       |    24 |     9 |       ||    33
         Gold dragon scale |       |       |       |       |       |       |       |  1376 |   603 ||  1979
  Dodge: Dodged            |    26 |   181 |   377 |   764 |  1209 |  1275 |  1003 |   738 |   346 ||  5919
         Repelled          |       |       |     3 |     5 |    26 |    61 |    16 |    27 |     2 ||   140
  Block: Kite shield       |       |       |    62 |   477 |  1093 |  1461 |  1105 |  1596 |  1063 ||  6857

Table legend: (Time is in decaauts)
 A = Elapsed time spent in this place.
 B = Non-inter-level travel time spent in this place.
 C = Inter-level travel time spent in this place.
 D = Time resting spent in this place.
 E = Time spent auto-exploring this place.
 F = Levels seen in this place.
 G = Mean time per level.
                   A        B        C        D        E       F      G
               +--------+--------+--------+--------+--------+-----+--------+
         Total |  91357 |  83298 |   8059 |  26336 |  30559 |  63 | 1450.1 |
       Dungeon |  22346 |  18643 |   3703 |   3662 |   9769 |  15 | 1489.7 |
          Lair |  10392 |   9639 |    753 |   3730 |   3480 |   5 | 2078.4 |
        Shoals |   8062 |   7740 |    322 |   4041 |   1059 |   4 | 2015.5 |
     Snake Pit |  11394 |  10739 |    655 |   4049 |   4298 |   4 | 2848.5 |
    Slime Pits |    892 |    833 |     59 |    242 |      0 |   5 |  178.4 |
  Orcish Mines |   2867 |   2623 |    244 |    415 |   1069 |   2 | 1433.5 |
   Elven Halls |   5512 |   5198 |    314 |   1998 |   1685 |   3 | 1837.3 |
        Vaults |  12645 |  11896 |    749 |   4039 |   4465 |   5 | 2529.0 |
        Depths |   7088 |   6242 |    846 |   2046 |   1692 |   4 | 1772.0 |
           Zot |   5435 |   5025 |    410 |    942 |   1723 |   5 | 1087.0 |
         Abyss |   1816 |   1816 |      0 |     70 |    860 |   3 |  605.3 |
         Sewer |    573 |    573 |      0 |    144 |     72 |   1 |  573.0 |
      Ice Cave |      3 |      3 |      0 |      0 |      0 |   1 |    3.0 |
       Volcano |    552 |    552 |      0 |    283 |      0 |   1 |  552.0 |
        Wizlab |   1681 |   1681 |      0 |    638 |    385 |   1 | 1681.0 |
         Arena |     91 |     91 |      0 |     31 |      0 |   4 |   22.8 |
               +--------+--------+--------+--------+--------+-----+--------+

Top non-repeatable levels by time:
 Snake:4: 3950 daAuts
Vaults:2: 3259 daAuts
 Snake:1: 2982 daAuts
Vaults:1: 2974 daAuts
  Lair:4: 2727 daAuts
 Snake:2: 2562 daAuts
Shoals:3: 2559 daAuts
  Lair:2: 2437 daAuts
Depths:2: 2419 daAuts
   Elf:3: 2347 daAuts
    D:11: 2343 daAuts
    D:12: 2314 daAuts
Vaults:3: 2290 daAuts
    D:15: 2171 daAuts
Vaults:5: 2144 daAuts
